 Dungeon Crawl Stone Soup version 0.30-b1-2-g02819fbbbe (webtiles) character file.

Game seed: 1102243069271815577

9953 LLlMATKO the Cleaver (level 11, -1/100 HPs)
             Began as a Minotaur Berserker on Oct 30, 2023.
             Was a Priest of Trog.
             Slain by Snorg (9 damage)
             ... on level 10 of the Dungeon.
             The game lasted 00:09:11 (11317 turns).

LLlMATKO the Cleaver (Minotaur Berserker)          Turns: 11317, Time: 00:09:12

Health: -1/100     AC:  9    Str: 29    XL:     11   Next: 29%
Magic:  10/10      EV: 15    Int:  7    God:    Trog [***...]
Gold:   561        SH:  0    Dex: 14    Spells: 10/10 levels left

rFire   . . .        C - +0 war axe
rCold   . . .        N - orb {light}
rNeg    . . .        F - +1 ring mail of the Shore {Str+3 Int+3 Dex+4 Slay+2}
rPois   +            (helmet restricted)
rElec   .            b - +0 cloak
rCorr   .            (no gloves)
SInv    .            (no boots)
Will    .....        (no amulet)
Stlth   +            g - ring of poison resistance
HPRegen 0.36/turn    (no ring)
MPRegen 0.12/turn

%: no passive effects
@: on berserk cooldown, slowed, glowing, very slow
A: horns 2, retaliatory headbutt
a: Renounce Religion, Berserk, Trog's Hand


You were on level 10 of the Dungeon.
You worshipped Trog.
Trog was most pleased with you.
You visited 1 branch of the dungeon, and saw 10 of its levels.

You collected 561 gold pieces.

Inventory:

Hand Weapons
 a - a +0 hand axe
 o - a +0 hand axe
 C - a +0 war axe (weapon)
 M - a +0 war axe
Armour
 b - a +0 cloak (worn)
 z - a +0 plate armour
 F - the +1 ring mail of the Shore (worn) {Str+3 Int+3 Dex+4 Slay+2}
   (You found it on level 7 of the Dungeon)

   Str:       It affects your strength (+3).
   Int:       It affects your intelligence (+3).
   Dex:       It affects your dexterity (+4).
   Slay:      It affects your accuracy & damage with ranged weapons and melee
   (+2).
 N - an orb of light (worn)
Jewellery
 g - a ring of poison resistance (left hand)
 j - a ring of fire
 D - the ring "Atimm" {rPois rF- rCorr SInv Stlth+}
   (You found it on level 7 of the Dungeon)

   [ring of see invisible]

   rF:        It makes you vulnerable to fire.
   rPois:     It protects you from poison.
   SInv:      It lets you see invisible.
   rCorr:     It protects you from acid and corrosion.
   Stlth:     It makes you more stealthy.
 I - a ring of ice
 J - a +6 ring of strength
 K - the ring "Cukhli Piomu" {Str+6 Dex+2}
   (You found it on level 8 of the Dungeon)

   [ring of strength]

   Str:       It affects your strength (+6).
   Dex:       It affects your dexterity (+2).
Wands
 t - a wand of acid (15)
 y - a wand of paralysis (13)
Scrolls
 c - 8 scrolls of identify {unknown}
 d - a scroll of amnesia {unknown}
 h - 2 scrolls of vulnerability {unknown}
 i - 3 scrolls of magic mapping {unknown}
 l - a scroll of torment {unknown}
 m - 5 scrolls of poison {unknown}
 n - 3 scrolls of brand weapon {unknown}
 q - 5 scrolls of teleportation {unknown}
 r - 3 scrolls of butterflies {unknown}
 u - a scroll of fog {unknown}
 v - 2 scrolls of immolation {unknown}
 P - a scroll of blinking {unknown}
 Q - a scroll of noise {unknown}
Potions
 e - 5 potions of mutation {unknown}
 f - a potion of ambrosia {unknown}
 k - a potion of invisibility {unknown}
 p - 4 potions of might {unknown}
 s - 3 potions of resistance {unknown}
 w - a potion of haste
 x - 2 potions of magic {unknown}
 A - 2 potions of flight {unknown}
 B - a potion of berserk rage {unknown}
 E - a potion of cancellation {unknown}
 G - a potion of heal wounds
 H - a potion of curing {unknown}
 L - a potion of attraction {unknown}
 O - a potion of brilliance {unknown}


   Skills:
 + Level 10.3 Fighting
 + Level 10.3 Axes
 + Level 9.8 Armour
 + Level 9.1 Dodging
 + Level 9.4 Shields


You had 10 spell levels left.
You didn't know any spells.
Your spell library was empty.

Dungeon Overview and Level Annotations

Branches:
Dungeon (10/15)            Temple (0/1) D:6            Lair (0/5) D:10
    Orc (0/2) D:9

Altars:
Ashenzari
Cheibriados
Dithmenos
Fedhas
Gozag
Hepliaklqana
Kikubaaqudgha
Makhleb
Nemelex Xobeh
Okawaru
Ru
Sif Muna
Trog
Wu Jian
Xom

Annotations:
D:10 Harold, Snorg


Innate Abilities, Weirdness & Mutations

You have a pair of horns on your head.
You reflexively headbutt those who attack you in melee.


Message History

Trog accepts your kill.
You feel sick.
Unknown command.
Harold the Weathered comes into view.
He is wielding a +0 dire flail.
You are no longer berserk.
You are exhausted.
You feel yourself slow down.
You feel sick.
Harold shouts!
The gnoll misses you.
You hit the gnoll but do no damage. You headbutt the gnoll.
The gnoll is heavily wounded.
You hit the yak but do no damage.
You feel sick. The yak gores you. The gnoll misses you.
You furiously retaliate!
You headbutt the gnoll. The yak closely misses you.
The gnoll hits you with a +0 halberd!
Unknown command.
You hit the gnoll. You headbutt the gnoll.
You kill the gnoll!
Trog accepts your kill.
You slash the yak! You hit Snorg.
You feel sick. The yak closely misses you. Snorg bites you. Snorg claws you.
Snorg barely misses you.
Unknown command.
You slice Snorg!! Your headbutt misses Snorg.
Snorg is moderately wounded.
You slash the yak!
You feel sick. The yak gores you but does no damage. Snorg bites you!
* * * LOW HITPOINT WARNING * * *
Snorg claws you!
* * * LOW HITPOINT WARNING * * *
Snorg closely misses you. The yak gores you!
* * * LOW HITPOINT WARNING * * *
Snorg barely misses you. You furiously retaliate!
You headbutt Snorg! Snorg misses you. Snorg closely misses you.
You slice Snorg!! You headbutt Snorg!
Snorg is severely wounded.
You slash the yak!
You feel sick.
You are no longer poisoned.
The yak gores you.
* * * LOW HITPOINT WARNING * * *
Snorg bites you!
You die...

# .P.....
#.##.##
....P...
.......
P>...P..
...####
........ # #..
.P..PP.. .#
......#
..P..... #.#
...##
......@Y#).# #
##
♣....P)#@#.# .
....?.†T#)# ##
##
....!.†#.###.#
#.
.....##†#.#.#
#. #### ##).)#
##.## # #..#
#. ##.# #. #.#
#.


You could see Snorg, Harold and a yak.

Vanquished Creatures
  Sonja (D:10)
  Amaemon (D:8)
  Pikel (D:8)
  A deep elf pyromancer (D:10)
  An orange demon (D:8)
  A kobold demonologist (D:10)
  2 polar bears (D:8)
  3 wyverns
  A basilisk (D:10)
  11 yaks
  Eustachio (D:5)
  A steam dragon (D:8)
  Grum (D:8)
  4 water moccasins
  5 orc warriors
  A black bear (D:6)
  3 sky beasts (D:7)
  3 ice beasts
  2 centaurs
  5 wolves (D:8)
  A phantom (D:5)
  2 lemures (D:8)
  2 gnoll sergeants
  3 bullfrogs
  3 scorpions
  5 wights (D:6)
  8 electric eels
  3 vampire bats (D:4)
  2 howler monkeys
  4 hounds
  6 orc priests
  3 iguanas
  2 jellies
  A sleepcap (D:7)
  An iron imp (D:4)
  Jessica (D:3)
  6 orc wizards
  A centaur simulacrum (D:8)
  9 gnolls
  13 adders
  A shadow imp (D:7)
  5 white imps
  An ufetubus (D:6)
  2 worms
  4 dart slugs
  30 orcs
  6 ball pythons
  3 bat skeletons (D:4)
  A bat zombie (D:4)
  5 endoplasms
  2 giant cockroaches
  9 goblins
  7 hobgoblins
  3 jackals (D:1)
  4 kobolds
  3 quokkas (D:1)
  6 bats
  3 frilled lizards (D:3)
  7 rats
227 creatures vanquished.

Vanquished Creatures (others)
  3 plants (D:10)
3 creatures vanquished.

Grand Total: 230 creatures vanquished

Notes
Turn   | Place    | Note
-------+----------+-------------------------------------------
     0 | D:1      | LLlMATKO the Minotaur Berserker began the quest for the
                  | Orb.
     0 | D:1      | Reached XP level 1. HP: 19/19 MP: 0/0
   175 | D:1      | Reached XP level 2. HP: 24/27 MP: 1/1
   459 | D:2      | Reached XP level 3. HP: 31/33 MP: 2/2
   673 | D:2      | Reached skill level 1 in Shields
   772 | D:2      | Reached ** piety under Trog
   773 | D:2      | Reached XP level 4. HP: 36/40 MP: 3/3
  1604 | D:3      | Noticed Jessica
  1608 | D:3      | Killed Jessica
  1614 | D:3      | Reached XP level 5. HP: 47/47 MP: 4/4
  2298 | D:3      | Found a sacrificial altar of Ru.
  2444 | D:4      | Found an iron altar of Okawaru.
  2552 | D:4      | Found a burning altar of Makhleb.
  2637 | D:4      | Noticed a water moccasin
  2651 | D:4      | Killed a water moccasin
  2652 | D:4      | Reached skill level 5 in Fighting
  2652 | D:4      | Reached skill level 5 in Axes
  2652 | D:4      | Reached XP level 6. HP: 48/56 MP: 5/5
  2790 | D:4      | Found an ornate altar of the Wu Jian Council.
  2952 | D:4      | Found a shadowy altar of Dithmenos.
  3126 | D:4      | Found a snail-covered altar of Cheibriados.
  3280 | D:4      | Found a sparkling altar of Nemelex Xobeh.
  3332 | D:4      | Found an ancient bone altar of Kikubaaqudgha.
  3342 | D:4      | Reached XP level 7. HP: 56/61 MP: 6/6
  3556 | D:5      | Entered Level 5 of the Dungeon
  4120 | D:5      | Reached *** piety under Trog
  4121 | D:5      | Reached skill level 5 in Armour
  4359 | D:5      | Noticed Eustachio
  4392 | D:5      | Killed Eustachio
  4706 | D:6      | Reached skill level 5 in Dodging
  4706 | D:6      | Reached XP level 8. HP: 70/70 MP: 7/7
  5039 | D:6      | Reached skill level 5 in Shields
  5353 | D:6      | Found a staircase to the Ecumenical Temple.
  5917 | D:7      | Found a shimmering altar of Xom.
  6026 | D:7      | Found a blossoming altar of Fedhas.
  6059 | D:7      | Reached XP level 9. HP: 66/79 MP: 8/8
  6624 | D:7      | Identified the +1 ring mail of the Shore {Str+3 Int+3 Dex+4
                  | Slay+2}
  6698 | D:7      | Identified the ring "Atimm" {rPois rF- rCorr SInv Stlth+}
  7134 | D:8      | Noticed a polar bear
  7146 | D:8      | Killed a polar bear
  7149 | D:8      | Reached **** piety under Trog
  7516 | D:8      | Noticed a polar bear
  7531 | D:8      | Killed a polar bear
  7925 | D:8      | Reached XP level 10. HP: 53/90 MP: 9/9
  8123 | D:8      | Noticed an orange demon
  8124 | D:8      | Noticed Amaemon
  8133 | D:8      | Killed Amaemon
  8136 | D:8      | Killed an orange demon
  8182 | D:8      | Found a bloodstained altar of Trog.
  8245 | D:8      | Noticed Pikel
  8248 | D:8      | Noticed Grum
  8255 | D:8      | Killed Pikel
  8259 | D:8      | Killed Grum
  8627 | D:8      | Identified the ring "Cukhli Piomu" {Str+6 Dex+2}
  8741 | D:8      | Found an opulent altar of Gozag.
  8793 | D:8      | Found a hazy altar of Hepliaklqana.
  9172 | D:9      | Found a broken altar of Ashenzari.
 10259 | D:9      | Found a shimmering blue altar of Sif Muna.
 10435 | D:9      | Found a staircase to the Orcish Mines.
 10692 | D:10     | Entered Level 10 of the Dungeon
 10767 | D:10     | Noticed a deep elf pyromancer
 10770 | D:10     | Noticed a smoke demon
 10937 | D:10     | Killed a deep elf pyromancer
 10938 | D:10     | Reached skill level 10 in Axes
 10938 | D:10     | Reached XP level 11. HP: 99/99 MP: 10/10
 11069 | D:10     | Noticed Sonja
 11085 | D:10     | Killed Sonja
 11086 | D:10     | Reached skill level 10 in Fighting
 11293 | D:10     | Found a staircase to the Lair.
 11305 | D:10     | Noticed Snorg
 11313 | D:10     | Noticed Harold
 11317 | D:10     | Slain by Snorg

Illustrated notes

Levels and vault maps discovered:
D:1:      spicycebolla_green_bress_n_ham_2, layout_rooms
D:2:      layout_basic, serial_curves, eino_curves_03, eino_curves_02
D:3:      layout_basic, nicolae_ru_path_of_blood, minmay_door_square,
          uniq_jessica
D:4:      layout_loops_ring, lemuel_round_altar, slow_altar_2, bloody_makhleb,
          kennysheep_vampire_church, general_overflow_altar,
          nicolae_dithmenos_the_darkroom, nicolae_wu_jian_wuxing_cycle
D:5:      layout_gridville, serial_bayou, serial_bayou_pond_e,
          serial_bayou_shore_b, serial_bayou_pond_c, serial_bayou_ford_a,
          uniq_eustachio
D:6:      nicolae_cairo_tiling, layout_cave_pods,
          minmay_temple_entry_drinking_statues
D:7:      layout_loops_corners, mainiacjoe_overflow_alcove_4,
          overflow_temple_1_default
D:8:      layout_basic, kennysheep_little_box,
          worldfamousw_hep_ancestral_shrine, trog_butcher_becter, serial_ice,
          serial_ice_f, serial_ice_d, serial_ice_g, serial_ice_j,
          abandoned_shop, uniq_grum, uniq_amaemon, uniq_pikel
D:9:      layout_basic, lemuel_doored_altar, nicolae_sif_muna_little_library,
          orc_0_dummy
D:10:     layout_loops_cross, minmay_lair_entry_grove, serial_shops, shop,
          glass_columns_a, uniq_sonja, uniq_snorg, uniq_harold

Skill      XL: |  1  2  3  4  5  6  7  8  9 10 11 |
---------------+----------------------------------+-----
Axes           | 4 5 6 7 8 10 | 10.3
Fighting       | 4 5 6 7 8 9 10 | 10.3
Armour         | 3 4 5 6 8 9 |  9.8
Shields        | 1 2 3 4 5 7 9 |  9.4
Dodging        | 3 4 5 6 7 8 9 |  9.1

Action                     |  1- 3 |  4- 6 |  7- 9 | 10-12 || total
---------------------------+-------+-------+-------+-------++-------
  Melee: Hand axe          |    65 |   121 |   197 |       ||   383
         Headbutt          |     7 |    18 |    60 |    32 ||   117
         Punch             |     2 |     1 |     7 |     1 ||    11
         War axe           |       |       |    75 |   123 ||   198
 Invoke: Berserk           |     1 |     3 |     9 |     9 ||    22
 Armour: Animal skin       |    11 |    14 |       |       ||    25
         Scale mail        |       |    19 |    87 |       ||   106
         Plate armour      |       |       |    42 |       ||    42
         Ring mail         |       |       |    18 |    49 ||    67
  Dodge: Dodged            |    40 |    89 |   196 |   117 ||   442
